 BcadrenCrawl: Boulder Brew version 0.04.2-20-g1dbc4a6302 (webtiles) character file.

Game seed: 2039386544230632622, levelgen mode: deterministic

57225 st0uf the Grappler (level 14, -1/114 HPs) Platinum Draconian Demonspawn. Began on May 24, 2021. Was the Champion of Bahamut & Tiamat. Killed from afar by a vault guard (38 damage) ... with an iceblast ... on level 7 of the Dungeon. The game lasted 01:05:37 (10428 turns).

st0uf the Grappler (Platinum Draconian Demonspawn) Turns: 10428, Time: 01:05:37

Health: -1/114     AC: 10    Str: 20    XL:     14 ^: 21124
Magic:  24/24      EV: 15    Int: 12    God:    Bahamut & Tiamat [6* [200]]
Gold:   1741       SH:  0    Dex: 13    Spells: 12/26 levels left

rFire    . . .     Vision   .     - Unarmed
rCold    . . .     Gourm    .     - Unarmed
rNeg     . . .     Faith    .   (armour unavailable)
rPois    .         Spirit   .   (helmet restricted)
rElec    .         Reflect  .   m - +0 cloak
rCorr    .         Harm     .   y - +0 pair of gloves
MR       +....                  (no boots)
Stlth    ++........             (no amulet)
HPRegen  4.48/turn              B - ring of wizardry
MPRegen  0.34/turn              (no ring)

@: corroded, quick
A: no body armour, unfitting armour, claws 2, thin metallic scales 2, powered by
death 3, cold-blooded, boosted slings aptitude, boosted whips and flails
aptitude, boosted shields aptitude, translocation, transmutation and hexes
enhancers 2, fast, rMut, AC +9
a: Breathe Mutagenic Radiation, Choose Bahamut's Refined Breath, Choose Tiamat's
Adaptive Breath, Choose Bahamut's Drake Mount, Choose Tiamat's Summon Drakes,
Renounce Religion


You were on level 7 of the Dungeon.
You worshipped Bahamut & Tiamat.
Bahamut & Tiamat was exalted by your worship.
You were not hungry.

You visited 3 branches of the dungeon, and saw 13 of its levels.
You also visited: Bailey.

You collected 1741 gold pieces.

Inventory:

Weapons
 n - a +0 hand crossbow Shields
 O - a +0 heater shield
Armour
 m - a +0 cloak (worn)
 y - a +0 pair of gloves (worn)
Jewellery
 c - an uncursed ring of fire
 s - an uncursed ring of stealth
 B - a ring of wizardry (left hand)
 C - an uncursed amulet of the gourmand
 F - an uncursed amulet of chaos
 G - an uncursed ring of fire
 R - an uncursed ring of fire
Wands
 w - a wand of clouds (5)
 x - a wand of random effects (16)
 z - a wand of ensnaring (11)
 J - a wand of acid (20)
 K - a wand of iceblast (7)
 L - a wand of flame (29)
 P - a wand of enslavement (9)
Scrolls
 a - 16 scrolls of teleportation
 h - 4 scrolls of bless item
 i - a scroll of enchantment
 j - 6 scrolls of fear
 o - 2 scrolls of blinking
 p - 5 scrolls of amnesia
 u - a scroll of summoning
 E - 3 scrolls of acquirement
 I - 2 scrolls of magic mapping
 U - a scroll of fog
Potions
 d - 3 potions of cancellation
 e - 5 potions of curing
 f - a potion of magic
 g - a potion of invisibility
 k - 3 potions of haste
 l - 3 potions of brilliance
 q - 2 potions of resistance
 r - 2 potions of cure mutation
 t - 6 potions of agility
 v - a potion of ambrosia
 A - 5 potions of heal wounds
 D - a potion of experience
 H - 2 potions of might
 S - a potion of mutation
Miscellaneous
 M - a box of beasts
 N - a lantern of shadows
 Q - a crystal ball of energy
Comestibles
 b - 34 rations
 T - 2 chunks of flesh


   Skills:
 + Level 7.9 Fighting
 - Level 2.5 Crossbows
 + Level 5.6 Dodging
 - Level 2.0 Stealth
 + Level 14.3 Unarmed Combat
 + Level 6.7 Spellcasting
 + Level 6.4 Hexes
 * Level 14.2 Transmutations
 - Level 1.5 Fire Magic
 - Level 3.0 Invocations


You had 12 spell levels left.
You knew the following spells:

 Your Spells              Type           Power        Failure   Level  Hunger
a - Flame Tongue          Fire           7 (30)       1%          1    None
b - Slow                  Hex            44 (100)     1%          2    #......
c - Cause Fear            Hex            44 (200)     1%          4    ####...
d - Dragon Form           Tmut           72 (200)     4%          7    #######

Your spell library contained the following spells:

 Spells                   Type           Power        Failure   Level  Hunger
 Corpse Rot               Tmut/Necr      N/A          1%          2    #......
 Leda's Liquefaction      Tmut/Erth      47 (200)     1%          4    ####...
 Blink                    Tloc           N/A          3%          2    #......
 Call Imp                 Summ           4 (100)      3%          2    #......
 Conjure Flame            Fire           7 (100)      3%          3    ###....
 Mephitic Cloud           Pois/Air       4 (100)      6%          3    ###....
 Recall                   Summ/Tloc      N/A          6%          3    ###....
 Stone Arrow              Erth           4 (50)       6%          3    ###....
 Eringya's Noxious Bog    Tmut/Pois      47 (200)     14%         6    #######
 Statue Form              Tmut/Erth      47 (150)     14%         6    #######
 Bolt of Magma            Fire/Erth      5 (200)      32%         5    ######.
 Aura of Abjuration       Summ           4 (200)      41%         5    ######.
 Summon Forest            Summ/Erth      4 (200)      41%         5    ######.
 Summon Mana Viper        Summ/Pois      4 (100)      41%         5    ######.
 Bolt of Fire             Fire           7 (200)      71%         6    #######
 Iron Shot                Erth           4 (200)      88%         6    #######
 Shadow Creatures         Summ           N/A          88%         6    #######
 Summon Hydra Mount       Summ           4 (200)      88%         6    #######
 Tunneling                Erth           4 (200)      88%         6    #######
 Dragon's Call            Summ           4 (200)      100%        9    #######
 Shatter                  Erth           4 (200)      100%        9    #######


Dungeon Overview and Level Annotations

Branches:
Dungeon (7/8)              Temple (1/1) D:4            Lair (5/6) D:5
 Shoals (0/4) Lair:2        Snake (0/4) Lair:4          Orc (0/2) D:6
 Vaults (0/5) D:7          Bailey (visited)
  Slime: Lair:5-6

Altars:
Ashenzari Bahamut & Tiamat
Dithmenos
Elyvilon
Fedhas Madash
Gozag Ym Sagoz
Hepliaklqana
Kikubaaqudgha
Makhleb
Nemelex Xobeh
Okawaru
Qazlal
Ru
Sif Muna
Trog
Uskayaw
Vehumet
Wu Jian
Xom
Yredelemnul
Zin
The Shining One

Portals:
Abyss: Lair:5

Annotations:
Lair:5 1 transporter, Mumum's ghost, journeyman DrFE


Innate Abilities, Weirdness & Mutations

You cannot fit into any form of body armour.
Your lustrous platinum scales are resilient. (AC +9)
You can breathe blasts of radiation.
You have very sharp fingernails. (+4 Unarmed)
You are mostly covered in thin metallic scales. (AC +3)
You regenerate a lot of health from kills.
You are cold-blooded and may be slowed by cold attacks.
You are naturally skilled at Slings (Aptitude +3).
You are naturally skilled at Whips & Flails (Aptitude +3).
You are naturally skilled at Shields (Aptitude +3).
You are strongly in touch with the powers of translocation, transmutation and hexes.
Your lustrous platinum scales increase your movement speed and make you resistant to mutation. (fast, rMut)


Message History

You hit the vault guard (6).
You hit the vault guard but do no damage.
The vault guard is lightly wounded. (63/69) HP You hit the vault guard (2).
You punch the vault guard (16)!
The vault guard is moderately wounded. (45/69) HP The vault guard hits you with a +3 great mace of caustic ooze (16)!
* * * LOW HITPOINT WARNING * * *
You are splashed with acid (4).
* * * LOW HITPOINT WARNING * * *
Unknown command.
You feel much better.
The vault guard hits you with a +3 great mace of caustic ooze (21)!!
* * * LOW HITPOINT WARNING * * *
The acid corrodes you!
You are splashed with acid (4).
* * * LOW HITPOINT WARNING * * *
Unknown command.
The vault guard's soul is no longer bound.
The vault guard zaps a wand.
The mass of ice explodes!
The iceblast engulfs you (38)!!!
You die...

#.....†%...%#. #......
#..⌠..'†.∩..#. #.....÷
#...Z.pZ...)#. #......
#.)†[.#Z..)$#. #......
##''†########.#####......
#....†#...[.#.....#.>....
#..÷.p'.....#.###.+......
#..⌠.†!..⌠..#.]..........
#...].'.@...#..##########
#.....#..†!.#..#
########'†'##..#
........†..!#
#####....[..# #########


You could see a vault guard.

Vanquished Creatures
  2 entropy weavers (Lair:5)
  A mummy priest (Lair:3)
  2 boulder beetles
  2 catoblepae
  2 swooping magpies
  2 unseen horrors (D:6)
  A two-headed ogre (D:5)
  A vault guard (D:7)
  4 hydras
  An orc knight (Bailey)
  A wizard (D:7)
  A queen ant (Lair:5)
  A deep elf mage (D:6)
  A necromancer (D:7)
  4 oklob plants (Lair:4)
  2 ugly things (D:6)
  3 meliai (Lair:3)
  19 elephants
  2 trolls
  5 spiny frogs
  A wolf spider (Lair:3)
  9 rime drakes
  A komodo dragon (shapeshifter) (Lair:5)
  A queen bee (Lair:3)
  8 komodo dragons
  A red devil (Lair:5)
  3 polar bears
  Prince Ribbit (D:2)
  7 dream sheep (Lair:5)
  8 blink frogs
  11 hippogriffs
  18 yaks
  A cyclops (D:6)
  4 basilisks (Lair:4)
  19 humans (D:7)
  10 wyverns (Lair:4)
  2 hungry ghosts (D:6)
  2 nagas (Lair:4)
  A slime creature (D:6)
  3 guardian mummies
  2 redbacks (Lair:3)
  A warg (D:6)
  27 soldier ants (Lair:5)
  9 orc warriors
  13 water moccasins
  2 hell hounds
  A phantom (D:3)
  8 porcupines
  2 ice beasts
  10 sky beasts
  A black bear (D:6)
  A spectral hippogriff (D:4)
  3 eyes of draining
  5 ogres
  4 wolves (D:5)
  8 crocodiles
  15 bullfrogs
  2 big kobolds
  A meliai zombie (D:4)
  4 centaurs
  A spectral black bear (D:4)
  4 howler monkeys
  25 killer bees
  8 wights
  5 electric eels (D:5)
  3 crimson imps (D:4)
  An orc priest (D:6)
  9 hounds
  8 jellies
  14 orc wizards
  9 mummies (D:4)
  4 hell rats (D:4)
  6 iguanas
  23 worker ants
  3 wyvern zombies (D:6)
  3 wyvern skeletons
  A spectral bullfrog (D:4)
  6 giant cockroaches
  7 bullfrog zombies
  11 bullfrog skeletons
  A shadow imp (D:4)
  6 adders
  2 gnolls (Bailey)
  31 sewer rats (D:2)
  A white imp (D:4)
  7 spectral hell rats (D:4)
  A spectral killer bee (D:4)
  14 cinder newts
  6 worms (D:2)
  A hound skeleton (D:5)
  10 oozes
  2 hound simulacra (D:4)
  A worker ant simulacrum (D:4)
  3 dart slugs (D:1)
  5 leopard geckos
  29 orcs
  5 adder skeletons
  8 bats
  A cinder newt skeleton (D:2)
  16 goblins
  10 hobgoblins
  4 jackals (D:4)
  5 quokkas
  3 ball pythons (D:2)
  4 bat skeletons (D:2)
  31 kobolds
  A leopard gecko skeleton (D:3)
  A quokka simulacrum (D:4)
  7 rats (D:1)
  A rat skeleton (D:2)
  A spectral orc (D:4)
  2 butterflies
  2 withered plants (D:2)
660 creatures vanquished.

Vanquished Creatures (others)
  A giant cockroach (D:2)
  A leopard gecko (D:2)
  A leopard gecko simulacrum (D:4)
  A bush (Lair:5)
  3 fungi
  8 plants
  A slimehead (D:2)
  83 withered plants (D:2)
99 creatures vanquished.

Grand Total: 759 creatures vanquished

Notes
Turn   | Place    | Note
-------+----------+-------------------------------------------
     0 | D:1      | st0uf the Immature Draconian Demonspawn began the quest for
                  | the Orb.
     0 | D:1      | Reached XP level 1. HP: 16/16 MP: 3/3
    97 | D:1      | Gained mutation: You regenerate a little health from kills.
                  | [demonic ancestry]
    97 | D:1      | Reached XP level 2. HP: 23/23 MP: 4/4
   120 | D:1      | Gained mutation: You are partially covered in thin metallic
                  | scales. (AC +2) [demonic ancestry]
   120 | D:1      | Reached XP level 3. HP: 27/28 MP: 5/5
   167 | D:1      | Reached XP level 4. HP: 35/35 MP: 6/6
   746 | D:2      | Reached XP level 5. HP: 35/40 MP: 7/7
   803 | D:2      | Found an ornate altar of the Wu Jian Council.
   803 | D:2      | Found an iron altar of Okawaru.
  1037 | D:2      | Gained mutation: You regenerate health from kills. [demonic
                  | ancestry]
  1037 | D:2      | Reached XP level 6. HP: 27/48 MP: 8/8
  1102 | D:2      | Found an ancient bone altar of Kikubaaqudgha.
  1240 | D:2      | Reached skill level 5 in Unarmed Combat
  1265 | D:2      | Your scales start taking on a rich purple colour.
  1265 | D:2      | Reached XP level 7. HP: 54/55 MP: 9/9
  1265 | D:2      | Gained mutation: You have sharp fingernails. (+2 Unarmed)
                  | [demonic ancestry]
  1265 | D:2      | Gained mutation: Your lustrous platinum scales increase
                  | your movement speed and make you resistant to mutation.
                  | (fast, rMut) [Purple Draconian growth]
  1265 | D:2      | Gained mutation: You are strongly in touch with the powers
                  | of translocation, transmutation and hexes. [Purple
                  | Draconian growth]
  1582 | D:2      | Noticed Prince Ribbit
  1598 | D:2      | Killed Prince Ribbit
  1600 | D:2      | Gained mutation: You are mostly covered in thin metallic
                  | scales. (AC +3) [demonic ancestry]
  1600 | D:2      | Reached XP level 8. HP: 24/62 MP: 10/10
  2043 | D:3      | Reached skill level 1 in Crossbows
  2699 | D:4      | Identified the cursed amulet "Minkeoz" {RegenMP MP+9 Str+3
                  | +Vis, (Curse: Fragile)}
  2727 | D:4      | Gained mutation: You have very sharp fingernails. (+4
                  | Unarmed) [demonic ancestry]
  2727 | D:4      | Reached XP level 9. HP: 64/69 MP: 11/11
  2817 | D:4      | Found a stormy altar of Qazlal.
  2867 | D:4      | Found a staircase to the Ecumenical Temple.
  2876 | Temple   | Entered the Ecumenical Temple
  2969 | Temple   | Became a worshipper of Bahamut & Tiamat
  3223 | D:4      | HP: 2/70 [something (36)]
  3249 | D:4      | Reached * piety under Bahamut & Tiamat
  3275 | D:4      | Reached skill level 10 in Unarmed Combat
  3336 | D:4      | Reached ** piety under Bahamut & Tiamat
  3456 | D:4      | Reached skill level 5 in Dodging
  3456 | D:4      | Gained mutation: You are naturally skilled at Whips &
                  | Flails (Aptitude +3). [draconic bloodline]
  3456 | D:4      | Gained mutation: You regenerate a lot of health from kills.
                  | [demonic ancestry]
  3456 | D:4      | Reached XP level 10. HP: 56/77 MP: 12/12
  3536 | D:4      | Identified a scroll of acquirement
  3564 | D:4      | Learned a level 2 spell: Slow
  3739 | D:4      | Reached *** piety under Bahamut & Tiamat
  3772 | D:4      | Found a radiant altar of Vehumet.
  3772 | D:4      | Found a glowing silver altar of Zin.
  3773 | D:4      | Found a bloodstained altar of Trog.
  3843 | D:4      | Found a shattered altar of Ashenzari.
  4036 | D:5      | Entered Level 5 of the Dungeon
  4042 | D:5      | Reached skill level 1 in Hexes
  4098 | D:5      | Noticed a boulder beetle
  4104 | D:5      | Reached **** piety under Bahamut & Tiamat
  4105 | D:5      | Found a staircase to the Lair.
  4126 | D:5      | Killed a boulder beetle
  4141 | D:5      | Reached skill level 5 in Fighting
  4203 | D:5      | Reached XP level 11. HP: 84/86 MP: 16/16
  4276 | D:5      | Found a flagged portal.
  4278 | D:5      | Identified the +11 hatchet of Dpeg {molten, rElec rF- Str+6
                  | +Vis}
  4290 | Bailey   | Entered a bailey
  4360 | Bailey   | Reached ***** piety under Bahamut & Tiamat
  4431 | Bailey   | Noticed an orc knight
  4447 | Bailey   | Killed an orc knight
  4663 | D:5      | Found an ancient bone altar of Kikubaaqudgha.
  4665 | D:5      | Found a shimmering altar of Xom.
  4665 | D:5      | Found a sparkling altar of Nemelex Xobeh.
  4667 | D:5      | Found a sparkling altar of Nemelex Xobeh.
  4667 | D:5      | Found a sacrificial altar of Ru.
  4667 | D:5      | Found a burning altar of Makhleb.
  4830 | D:5      | Noticed a two-headed ogre
  4834 | D:5      | Killed a two-headed ogre
  5235 | Lair:1   | Entered Level 1 of the Lair of Beasts
  5624 | Lair:1   | Reached skill level 5 in Hexes
  5670 | Lair:1   | Reached skill level 5 in Spellcasting
  5862 | Lair:2   | Found a staircase to the Shoals.
  6356 | Lair:3   | Identified the +2 chain mail of the Accordion {rPois rN+++
                  | Dex-4 +Vis}
  6357 | Lair:3   | Reached ****** piety under Bahamut & Tiamat
  6360 | Lair:3   | Gained mutation: You are naturally skilled at Shields
                  | (Aptitude +3). [draconic bloodline]
  6360 | Lair:3   | Reached XP level 12. HP: 60/97 MP: 20/20
  6532 | Lair:3   | Noticed a mummy priest
  6753 | Lair:3   | Killed a mummy priest
  7347 | Lair:4   | Received a gift from Bahamut & Tiamat
  7354 | Lair:4   | Learned a level 4 spell: Cause Fear
  7354 | Lair:4   | Your scales start taking on a lustrous platinum colour.
  7354 | Lair:4   | Reached XP level 12. HP: 101/101 MP: 22/22
  7363 | Lair:4   | Learned a level 7 spell: Dragon Form
  7378 | Lair:4   | Found a staircase to the Snake Pit.
  7394 | Lair:4   | Reached skill level 1 in Transmutations
  7519 | Lair:4   | Reached skill level 5 in Transmutations
  7525 | Lair:4   | Gained mutation: You are strongly in touch with the powers
                  | of translocation, transmutation and hexes. [Platinum
                  | Draconian growth]
  7525 | Lair:4   | Reached XP level 13. HP: 99/107 MP: 23/23
  8088 | Lair:5   | Reached skill level 10 in Transmutations
  8258 | Lair:5   | Found a transporter.
  8277 | Lair:5   | Found a transporter.
  8279 | Lair:5   | Found a one-way gate to the infinite horrors of the Abyss.
  8279 | Lair:5   | Noticed Mumum's ghost (journeyman DrFE)
  8527 | Lair:5   | Noticed an entropy weaver
  8528 | Lair:5   | Noticed an entropy weaver
  8535 | Lair:5   | Killed an entropy weaver
  8565 | Lair:5   | Killed an entropy weaver
  8604 | Lair:5   | Gained mutation: You are naturally skilled at Slings
                  | (Aptitude +3). [draconic bloodline]
  8604 | Lair:5   | Reached XP level 14. HP: 114/114 MP: 24/24
  9701 | D:6      | Identified the cursed +8 buckler "Kiakhece" {rN+ Int+2,
                  | (Curse: rC- MR-)}
  9733 | D:6      | Found a staircase to the Orcish Mines.
 10375 | D:7      | Identified the cursed ring of the Shining Light {+Fly rCorr
                  | Int+3 Dex-4, (Curse: Fragile)}
 10395 | D:7      | Found a gate to the Vaults.
 10428 | D:7      | Killed from afar by a vault guard

Levels and vault maps discovered:
D:1:      wander_arrival_lonely_grave, layout_loops_ring, minmay_unequal
D:2:      layout_sewer, kiku_gazebo_garden_becter,
          chequers_temple_overflow_statue_of_worship, sewer_frog_pond,
          first_ration, vehumet_altar_wand_db
D:3:      layout_loops_ring
D:4:      ossuary_due_small_catacomb, layout_cave_pods,
          nicolae_qazlal_style_of_elements, gammafunk_temple_overflow_claw,
          minmay_temple_entry_tees, basic_altar
D:5:      layout_loops_ring, doesnt_xom_only_xom, erik_lair_island,
          enter_bailey_2
D:6:      layout_grid_maze, david_orc_3
D:7:      layout_roguey, grunt_vaults_entry_tiered, nicolae_trove_entry_crystal,
          serial_shops, kennysheep_mini_moat, minmay_curled_crystal,
          hangedman_fish_farm
Temple:   nicolae_temple_figure_eight
Lair:1:   layout_chaotic_city
Lair:2:   layout_hall_layers, elwin_shoals_entry_rocks, grunt_megastairs_2
Lair:3:   layout_roguey [special_room_bee], chequers_ossuary_entry_cave,
          lemuel_fruit_fields, serial_bayou_shore_b
Lair:4:   layout_roguey [special_room_mythical_zoo],
          guppyfry_snake_entry_island, minmay_lair_oklob_chamber,
          grunt_megastairs_3
Lair:5:   layout_roguey, gammafunk_ghost_abyssal_escape, minivault_27,
          minivault_29

Skill      XL: |  1  2  3  4  5  6  7  8  9 10 11 12 13 14 |
---------------+-------------------------------------------+-----
Dodging        | 3 4 5 |  5.6
Unarmed Combat | 2 3 4 5 6 8 10 12 13 14 | 14.3
Fighting       | 2 3 5 6 7 |  7.9
Stealth        | 2 |  2.0
Crossbows      | 1 2 |  2.5
Spellcasting   | 3 5 6 |  6.7
Hexes          | 3 5 6 |  6.4
Transmutations | 5 12 14 | 14.2
Fire Magic     | |  1.5
Invocations    | |  3.0

Action                   |  1- 3 |  4- 6 |  7- 9 | 10-12 | 13-15 || total
-------------------------+-------+-------+-------+-------+-------++-------
Melee: Unarmed           |    54 |   455 |   438 |   637 |   632 ||  2216
       Tailslap          |     1 |    17 |    25 |    40 |    52 ||   135
 Fire: Hand crossbow     |       |       |     9 |   100 |       ||   109
 Cast: Flame Tongue      |       |       |       |     3 |       ||     3
       Slow              |       |       |       |       |     1 ||     1
Invok: Choose Bahamut's  |       |       |     1 |       |       ||     1
       Choose Bahamut's  |       |       |       |     1 |       ||     1
       Receive Book of t |       |       |       |     1 |       ||     1
 Abil: Breathe Mutagenic |       |       |       |       |     2 ||     2
  Use: Potion            |       |       |     1 |       |     1 ||     2
       Scroll            |       |       |       |     1 |       ||     1
 Stab: Sleeping          |       |     4 |     2 |     1 |     3 ||    10
       Distracted        |       |       |       |     1 |       ||     1
       Petrified         |       |       |       |       |     3 ||     3
  Eat: Chunk             |       |     2 |     8 |    14 |     6 ||    30
       Ration            |       |       |       |       |     1 ||     1
Armor: Skin              |     2 |    48 |    56 |    79 |    62 ||   247
Dodge: Dodged            |    17 |   151 |    85 |   164 |    83 ||   500
